 Dungeon Crawl Stone Soup version 0.19.5 (webtiles) character file.

12218 Santreim the Carver (level 11, -5/97 HPs)
             Began as a Minotaur Fighter on Mar 10, 2017.
             Was a Priest of the Shining One.
             Slain by a ten-headed hydra (7 damage)
             ... on level 11 of the Dungeon.
             The game lasted 00:37:29 (11180 turns).

Santreim the Carver (Minotaur Fighter)             Turns: 11180, Time: 00:37:30

Health: -5/97      AC: 14    Str: 26    XL:     11   Next: 59%
Magic:  10/10      EV: 12    Int:  9    God:    the Shining One [***...]
Gold:   652        SH: 14    Dex: 11    Spells: 0 memorised, 10 levels left

rFire  + . .     SeeInvis +     J - +0 scimitar
rCold  + . .     Gourm    .     q - +2 scale mail {rC+}
rNeg   + . .     Faith    .     c - +1 shield
rPois  .         Spirit   .     x - +1 hat {SInv}
rElec  .         Reflect  .     i - +0 cloak
rCorr  .         Harm     .     (no gloves)
MR     .....     Rnd*Tele +     M - +0 pair of boots
Stlth  ..........               (no amulet)
                                y - ring of flight
                                e - ring of protection from fire

@: mighty, glowing
A: retaliatory headbutt, hooves 1, horns 2, clever 2, sense surroundings 1,
regeneration 1, teleportitis 1, weak 1, wild magic 1
a: Divine Shield, Renounce Religion, Evoke Flight


You were on level 11 of the Dungeon.
You worshipped the Shining One.
The Shining One was most pleased with you.
You were very hungry.

You visited 3 branches of the dungeon, and saw 13 of its levels.

You collected 652 gold pieces.

Inventory:

Hand Weapons
 o - a +0 dagger
 p - a +2 long sword
 J - a +0 scimitar (weapon)
Missiles
 D - 7 javelins (quivered)
Armour
 c - a +1 shield (worn)
 i - a +0 cloak (worn)
 m - a +0 ring mail of fire resistance
 q - a +2 scale mail of cold resistance (worn)
 x - a +1 hat of see invisible (worn)
 H - a +0 plate armour
 M - a +0 pair of boots (worn)
Jewellery
 a - an uncursed ring of protection from fire
 e - a ring of protection from fire (left hand)
 u - an uncursed ring of stealth
 y - a ring of flight (right hand)
 K - an uncursed ring of fire
 L - an uncursed ring of fire
Wands
 n - a wand of acid (15/15)
 r - a wand of slowing (25/48)
 v - a wand of digging (12/24)
 w - a wand of acid (7/15)
 C - a wand of acid (10/15)
 F - a wand of lightning (5/15)
 G - a wand of paralysis (11/24)
Scrolls
 g - 2 scrolls of magic mapping
 h - 3 scrolls of fear
 j - 3 scrolls of identify
 l - a scroll of teleportation
 s - 3 scrolls of recharging
 t - 6 scrolls of remove curse
 E - a scroll of amnesia
 I - a scroll of enchant weapon
 N - a scroll of blinking
Potions
 d - a potion of might
 k - 3 potions of resistance
 z - a potion of agility
Books
 O - a book of Cantrips

   Spells                             Type                      Level
   a - Confusing Touch                Hexes                        1
   b - Animate Skeleton               Necromancy                   1
   c - Summon Small Mammal            Summoning                    1
   d - Apportation                    Translocation                1
Comestibles
 b - 3 meat rations
 f - 7 bread rations
 A - 9 royal jellies
 B - 5 beef jerkies


   Skills:
 + Level 9.1 Fighting
 + Level 13.3 Long Blades
 + Level 0.2 Throwing
 + Level 9.8 Armour
 + Level 6.1 Dodging
 + Level 1.5 Stealth
 + Level 11.0 Shields


You had 10 spell levels left.
You didn't know any spells.

Dungeon Overview and Level Annotations

Branches:
Dungeon (11/15)            Temple (1/1) D:5            Lair (1/6) D:11
    Orc (0/2) D:11

Altars:
Ashenzari
Cheibriados
Dithmenos
Elyvilon
Fedhas
Gozag
Hepliaklqana
Kikubaaqudgha
Makhleb
Nemelex Xobeh
Okawaru
Qazlal
Ru
Sif Muna
Trog
Uskayaw
Vehumet
Xom
Yredelemnul
Zin
The Shining One
Beogh


Innate Abilities, Weirdness & Mutations

You reflexively headbutt those who attack you in melee.
You have a pair of horns on your head.
You have large cloven feet.
Your mind is very acute. (Int +4)
You passively map a small area around you.
Your natural rate of healing is unusually fast.
You are occasionally teleported next to monsters.
You are weak. (Str -2)
Your spells are a little harder to cast, but a little more powerful.


Message History

You block the ten-headed hydra's attack.
The ten-headed hydra bites you but does no damage. x2
You block the ten-headed hydra's attack.
The ten-headed hydra bites you.
* * * LOW HITPOINT WARNING * * *
The ten-headed hydra closely misses you.
Zapping:
G - a wand of paralysis (will waste charges)
Press: ? - help, Shift-Dir - straight line, f - ten-headed hydra
Aim: a ten-headed hydra (lightly wounded, haloed, chance to defeat MR: 15%)
The ten-headed hydra resists with almost no effort.
Evoking this partially-identified wand wasted a few charges.
The ten-headed hydra bites you but does no damage.
The ten-headed hydra bites you!
* * * LOW HITPOINT WARNING * * *
The ten-headed hydra bites you.
* * * LOW HITPOINT WARNING * * *
You block the ten-headed hydra's attack.
The ten-headed hydra bites you but does no damage.
The ten-headed hydra bites you!
You die...

8'8#####8'8##.)(.....(...........
..........[([)รท..................
...........).....................
.................................
.........###.....................
.........# #.....................
.........###....###..............
.................##..............
...............D@##..............
.................................
.....###.........................
.....# #.....>...................
.....###.........................
.................................
................###..............
................# #..............
.........###....###.............#


You could see a ten-headed hydra.

Vanquished Creatures
  Gastronok (D:9)
  A wizard (D:11)
  4 hill giants
  Psyche (D:9)
  A troll (D:10)
  A hornet (D:11)
  A two-headed ogre (D:8)
  A meliai zombie (D:10)
  A hippogriff (D:11)
  A yak (D:8)
  2 wyverns (D:8)
  A hungry ghost (D:9)
  2 soldier ants (D:8)
  A water moccasin (D:6)
  8 ice beasts
  9 orc warriors
  2 phantoms
  3 sky beasts
  A wolf (D:8)
  5 ogres
  4 centaurs
  A crocodile (D:11)
  A big kobold (D:9)
  6 bullfrogs
  A water moccasin zombie (D:6)
  A scorpion (D:5)
  16 killer bees
  3 wights (D:6)
  3 crimson imps
  A quasit (D:5)
  6 hounds
  3 jellies (D:10)
  11 orc priests
  8 orc wizards
  A bullfrog skeleton (D:8)
  2 centaur skeletons
  4 iguanas
  5 worker ants
  A bullfrog simulacrum (D:8)
  A worker ant zombie (D:11)
  9 adders
  A shadow imp (D:5)
  2 white imps (D:8)
  An ufetubus (D:8)
  4 oozes
  An adder zombie (D:5)
  2 adder skeletons
  4 worms
  A dart slug (D:3)
  9 leopard geckos
  57 orcs
  5 bats
  5 giant cockroaches
  2 goblins (D:1)
  6 hobgoblins
  21 jackals
  17 kobolds
  5 quokkas
  2 ball pythons
  5 frilled lizards
  2 jackal skeletons (D:5)
  A leopard gecko simulacrum (D:8)
  A leopard gecko skeleton (D:8)
  2 leopard gecko zombies
  2 quokka skeletons
  6 rats
299 creatures vanquished.

Vanquished Creatures (others)
  A worker ant (D:6)
  An adder (D:6)
2 creatures vanquished.

Grand Total: 301 creatures vanquished

Notes
Turn   | Place    | Note
-------+----------+-------------------------------------------
     0 | D:1      | Santreim the Minotaur Fighter began the quest for the Orb.
     0 | D:1      | Reached XP level 1. HP: 19/19 MP: 0/0
   151 | D:1      | Reached XP level 2. HP: 27/27 MP: 1/1
   614 | D:1      | Reached skill level 3 in Long Blades
   718 | D:2      | Reached XP level 3. HP: 24/33 MP: 2/2
  1533 | D:3      | Reached skill level 4 in Long Blades
  1557 | D:3      | Reached XP level 4. HP: 40/40 MP: 3/3
  1953 | D:3      | Reached XP level 5. HP: 10/46 MP: 4/4
  2284 | D:3      | Reached skill level 5 in Long Blades
  2521 | D:4      | Reached skill level 1 in Dodging
  2625 | D:4      | Noticed an ogre
  2634 | D:4      | Killed an ogre
  2634 | D:4      | Reached skill level 5 in Shields
  2634 | D:4      | Reached XP level 6. HP: 25/52 MP: 5/5
  3088 | D:4      | Reached skill level 6 in Long Blades
  3305 | D:4      | Reached skill level 5 in Armour
  3321 | D:4      | Reached XP level 7. HP: 19/59 MP: 6/6
  3722 | D:5      | Entered Level 5 of the Dungeon
  3918 | D:5      | Found a staircase to the Ecumenical Temple.
  3926 | Temple   | Entered the Ecumenical Temple
  3975 | Temple   | Became a worshipper of the Shining One
  4040 | D:5      | Reached skill level 7 in Long Blades
  4208 | D:5      | Reached skill level 5 in Fighting
  4208 | D:5      | Reached XP level 8. HP: 60/68 MP: 7/7
  4641 | D:5      | Gained mutation: Your mind is acute. (Int +2) [mutagenic meat]
  4642 | D:5      | Gained mutation: You have large cloven feet. [mutagenic meat]
  4643 | D:5      | Gained mutation: Scrolls take you a little longer to read. [mutagenic meat]
  4644 | D:5      | Gained mutation: You are weak. (Str -2) [mutagenic meat]
  4645 | D:5      | Gained mutation: Your mind is very acute. (Int +4) [mutagenic meat]
  5147 | D:6      | Reached skill level 8 in Long Blades
  5181 | D:6      | Found a sparkling altar of Nemelex Xobeh.
  5400 | D:6      | Found a sparkling altar of Nemelex Xobeh.
  5534 | D:6      | Found a white marble altar of Elyvilon.
  6143 | D:6      | Reached skill level 1 in Stealth
  6145 | D:6      | Reached * piety under the Shining One
  6250 | D:7      | Reached skill level 9 in Long Blades
  6254 | D:7      | Reached XP level 9. HP: 39/75 MP: 8/8
  7474 | D:8      | Reached skill level 10 in Long Blades
  8000 | D:8      | Reached ** piety under the Shining One
  8004 | D:8      | Reached XP level 10. HP: 61/84 MP: 9/9
  8362 | D:9      | Reached skill level 11 in Long Blades
  8391 | D:9      | Reached skill level 5 in Dodging
  8857 | D:9      | Noticed Psyche
  8867 | D:9      | Killed Psyche
  8871 | D:9      | Gained mutation: You are occasionally teleported next to monsters. [mutagenic meat]
  8872 | D:9      | Gained mutation: You passively map a small area around you. [mutagenic meat]
  8873 | D:9      | Gained mutation: Your natural rate of healing is unusually fast. [mutagenic meat]
  8875 | D:9      | Lost mutation: Scrolls take you a little longer to read. [mutagenic meat]
  8876 | D:9      | Gained mutation: Your spells are a little harder to cast, but a little more powerful. [mutagenic meat]
  9065 | D:9      | Found a faded altar of an unknown god.
  9065 | D:9      | Found a glowing silver altar of Zin.
  9070 | D:9      | Found a faded altar of an unknown god.
  9072 | D:9      | Found a faded altar of an unknown god.
  9074 | D:9      | Found a faded altar of an unknown god.
  9300 | D:9      | Noticed Gastronok
  9318 | D:9      | Killed Gastronok
  9318 | D:9      | Reached skill level 12 in Long Blades
  9400 | D:10     | Entered Level 10 of the Dungeon
  9465 | D:10     | Reached skill level 10 in Shields
  9568 | D:10     | Reached XP level 11. HP: 94/94 MP: 10/10
  9620 | D:10     | Noticed a hill giant
  9629 | D:10     | Killed a hill giant
  9862 | D:10     | Noticed a hill giant
  9862 | D:10     | Reached *** piety under the Shining One
  9881 | D:10     | Killed a hill giant
 10169 | D:10     | Noticed a hill giant
 10177 | D:10     | Killed a hill giant
 10472 | D:11     | Reached skill level 13 in Long Blades
 10494 | D:11     | Found a staircase to the Lair.
 10517 | D:11     | Found a roughly hewn altar of Beogh.
 10517 | D:11     | Found a staircase to the Orcish Mines.
 10535 | D:11     | HP: 1/95 [orc priest/divine providence (10)]
 10799 | D:11     | Noticed a hill giant
 10817 | D:11     | Killed a hill giant
 10906 | D:11     | Found a burning altar of Makhleb.
 11086 | D:11     | Noticed a wizard
 11097 | D:11     | Killed a wizard
 11142 | Lair:1   | Entered Level 1 of the Lair of Beasts
 11157 | Lair:1   | Noticed a seven-headed hydra
 11180 | D:11     | HP: 2/97 [ten-headed hydra (4)]
 11180 | D:11     | Slain by a ten-headed hydra

Skill      XL: |  1  2  3  4  5  6  7  8  9 10 11 |
---------------+----------------------------------+-----
Armour         | 4 5 7 8 9 |  9.8
Shields        | 4 5 6 7 8 10 11 | 11.0
Long Blades    | 3 4 5 6 7 9 10 12 13 | 13.3
Fighting       | 4 5 6 8 9 |  9.1
Dodging        | 1 2 3 4 5 6 |  6.1
Stealth        | 1 |  1.5
Throwing       | |  0.2

Action                   |  1- 3 |  4- 6 |  7- 9 | 10-12 || total
-------------------------+-------+-------+-------+-------++-------
Melee: Long sword        |   102 |   118 |   360 |   193 ||   773
       Headbutt          |    15 |    21 |    65 |    72 ||   173
       Kick              |       |       |    68 |   115 ||   183
       Scimitar          |       |       |       |   143 ||   143
Throw: Javelin           |       |       |       |     3 ||     3
Invok: Divine Shield     |       |       |       |     1 ||     1
Evoke: Wand              |       |       |       |     1 ||     1
  Use: Scroll            |     2 |     8 |     4 |     8 ||    22
       Potion            |       |     5 |     9 |     4 ||    18
  Eat: Chunk             |     2 |     1 |    10 |    10 ||    23
       Bread ration      |       |     1 |     1 |       ||     2
       Meat ration       |       |       |     1 |       ||     1
       Fruit             |       |       |     2 |       ||     2
       Beef jerky        |       |       |       |     4 ||     4
       Pizza             |       |       |       |     1 ||     1
Armor: Scale mail        |    42 |    36 |   131 |   102 ||   311
Dodge: Dodged            |    41 |    36 |   139 |   149 ||   365
Block: Shield            |    69 |    71 |   240 |   254 ||   634
       Rpst.: Long sword |    12 |    12 |    36 |    27 ||    87
       Scimitar          |       |       |       |    13 ||    13
